AoeStats
← Comend x comend

Arabia

509724531Analyzed
4v4 RM · 3d ago on Sep 27, 2026· 44m 35s· 8 players
Game mode
Random Map
Map size
Large (8 player)
Population
200
Speed
Normal
Resources
Standard
Victory
Conquest
Starting age
Dark Age
Ending age
Imperial Age
RankedLock teamsTeams togetherTeam positionsShared explorationLock speedFull tech treeHidden civsTurbo modeCheats
Victory
Defeat
🇩🇪 Byzantines · Germany
1426
+11
🇵🇪 Goths · Peru
1385
+13
🇨🇳 Franks · China
1364
+14
🇮🇳 Britons · India
1318
+17
🇸🇪 Ethiopians · Sweden
1345
-15
🇭🇺 Saxons · Hungary
1337
-14
🇵🇹 Tupi · Portugal
1323
-14
🇷🇺 Berbers · Russia
1278
-12
EVA_Rinocherino
8:54 Feudal Age
9:39 Double-Bit Axe
11:09 Loom
11:50 Fletching
16:13 Town Watch
edelaze
9:28 Feudal Age
9:50 Horse Collar
9:56 Double-Bit Axe
12:18 Wheelbarrow
15:48 Loom
18:57 Castle Age
16:57 Gold Mining
18:18 Bloodlines
18:18 Scale Barding Armor
20:13 Bow Saw
20:37 Husbandry
24:18 Stone Mining
24:48 Hand Cart
25:32 Town Watch
28:57 Gold Shaft Mining
30:03 Chain Barding Armor
29:53 Forging
35:12 Imperial Age
35:18 Cavalier
36:37 Plate Barding Armor
37:05 Fletching
38:04 Ballistics
38:44 Chemistry
38:21 Bodkin Arrow
38:27 Padded Archer Armor
39:58 Masonry
40:40 Bracer
40:55 Thumb Ring
40:28 Heavy Cavalry Archer
41:45 Leather Archer Armor
scurhun
6:22 Loom
10:04 Feudal Age
10:50 Double-Bit Axe
17:43 Castle Age
16:54 Fletching
17:37 Horse Collar
17:52 Crossbowman
19:37 Bow Saw
20:41 Gold Mining
22:19 Bodkin Arrow
24:06 Wheelbarrow
27:14 Stone Mining
28:04 Heavy Plow
29:29 Gold Shaft Mining
32:50 Hand Cart
35:18 Imperial Age
35:24 Imperial Age
33:32 Ballistics
33:15 Padded Archer Armor
35:12 Scale Mail Armor
35:22 Thumb Ring
36:54 Bracer
37:57 Chemistry
36:24 Arbalester
38:56 Chain Mail Armor
38:52 Squires
40:38 Plate Mail Armor
41:29 Forging
43:35 Conscription
BARAKA wins!
9:10 Feudal Age
10:20 Loom
10:23 Double-Bit Axe
11:12 Gold Mining
15:51 Fletching
16:07 Horse Collar
17:31 Padded Archer Armor
23:41 Castle Age
23:44 Champi Runner
24:24 Squires
24:50 Bow Saw
24:44 Champi Warrior
26:08 Scale Mail Armor
30:58 Chain Mail Armor
31:53 Forging
37:42 Wheelbarrow
39:41 Pikeman
nikhdy
7:49 Loom
10:01 Feudal Age
11:12 Double-Bit Axe
15:17 Wheelbarrow
15:11 Padded Archer Armor
15:41 Fletching
17:28 Gold Mining
23:16 Castle Age
23:57 Bodkin Arrow
23:24 Crossbowman
26:08 Bow Saw
27:06 Leather Archer Armor
30:29 Ballistics
36:43 Imperial Age
36:52 Arbalester
38:35 Chemistry
37:56 Hand Cart
38:25 Capped Ram
39:49 Bracer
42:27 Ring Archer Armor
mode maelle
2:31 Loom
10:10 Feudal Age
18:54 Castle Age
18:44 Double-Bit Axe
18:44 Horse Collar
20:44 Bow Saw
24:52 Fletching
28:33 Wheelbarrow
28:44 Stone Mining
28:44 Gold Mining
28:51 Gold Mining
29:40 Bodkin Arrow
32:56 Imperial Age
30:57 Ballistics
30:57 Guard Tower
32:43 Murder Holes
33:00 Fortified Wall
32:30 Treadmill Crane
33:42 Hand Cart
33:38 Bracer
34:40 Chemistry
34:18 Keep
33:29 Arrowslits
36:38 Treadmill Crane
36:23 Pikeman
37:04 Squires
38:37 Stone Shaft Mining
38:26 Bombard Tower
38:50 Elite Varangian Guard
39:20 Gambesons
39:21 Arson
41:22 Scale Mail Armor
41:32 Forging
43:02 Greek Fire
Comend x comend
10:11 Loom
12:01 Feudal Age
17:09 Castle Age
16:18 Double-Bit Axe
18:33 Bow Saw
18:10 Horse Collar
22:23 Wheelbarrow
24:33 Squires
26:59 Heavy Plow
27:37 Gold Mining
33:23 Imperial Age
30:15 Pikeman
31:17 Hand Cart
31:28 Stone Mining
31:56 Forging
31:47 Scale Mail Armor
35:10 Chemistry
35:30 Two-Man Saw
34:30 Town Watch
34:58 Perfusion
34:23 Halberdier
35:34 Town Patrol
36:32 Iron Casting
36:12 Chain Mail Armor
37:19 Anarchy
41:58 Elite Huskarl
羊了个羊
8:35 Loom
11:03 Feudal Age
16:17 Castle Age
15:19 Double-Bit Axe
24:51 Bow Saw
25:36 Wheelbarrow
25:31 Scale Barding Armor
29:00 Forging
32:15 Chain Barding Armor
32:31 Iron Casting
36:11 Imperial Age
36:49 Hand Cart
36:32 Gold Mining
36:34 Stone Mining
36:55 Cavalier
37:36 Husbandry
38:13 Plate Barding Armor
38:39 Blast Furnace
38:43 Town Watch
41:14 Gold Shaft Mining
44:54 Conscription
Connection lost

Rejoining the realm…

Still unreachable

The connection could not be restored.

Session expired

The server has moved on; the page needs a fresh start.